 Dungeon Crawl Stone Soup version 0.29-a0-323-g050149af67 (webtiles) character file.

Game seed: 2579620192307440461

36 jdsmith2816 the Magician (level 3, -6/26 HPs)
             Began as a Mummy Hedge Wizard on Apr 10, 2022.
             Killed from afar by Ijyb (27 damage)
             ... with a bolt of acid
             ... on level 3 of the Dungeon.
             The game lasted 00:10:24 (1933 turns).

jdsmith2816 the Magician (Mummy Hedge Wizard)       Turns: 1933, Time: 00:10:25

Health: -6/26      AC:  3    Str: 13    XL:     3   Next: 19%
Magic:  4/8        EV: 12    Int: 15    God:
Gold:   61         SH:  0    Dex: 11    Spells: 2/10 levels left

rFire   x . .      SeeInvis .   a - +0 short sword
rCold   + . .      Faith    .   (no shield)
rNeg    + + +      Spirit   .   b - +0 robe
rPois   ∞          Reflect  .   c - +0 hat
rElec   .          Harm     .   (no cloak)
rCorr   .          Rampage  .   l - +0 pair of gloves
Will    .....                   (no boots)
Stlth   ++........              (no amulet)
HPRegen 0.08/turn               (no ring)
MPRegen 0.11/turn               (no ring)

@: no status effects
A: cold resistance 1, negative energy resistance 3, torment resistance 2, heat
vulnerability 1, in touch with death 1, no potions
a: no special abilities


You were on level 3 of the Dungeon.
You visited 1 branch of the dungeon, and saw 3 of its levels.

You collected 61 gold pieces.


Innate Abilities, Weirdness & Mutations

You are immune to poison.
Your flesh is cold resistant. (rC+)
You are immune to negative energy. (rN+++)
You are immune to unholy pain and torment.
You are vulnerable to heat. (rF-)
You are in touch with the powers of death.
You do not drink.


   Skills:
 + Level 1.2 Fighting
 - Level 1.5 Dodging
 - Level 1.5 Stealth
 + Level 4.3 Spellcasting
 * Level 1.4 Conjurations
 * Level 1.1 Summonings
 * Level 1.1 Translocations
 * Level 0.1 Air Magic
 * Level 0.0 Poison Magic


You had 2 spell levels left.
You knew the following spells:

 Your Spells              Type           Power      Damage    Failure   Level
a - Magic Dart            Conj           28%        1d4       10%         1
b - Blink                 Tloc           12%        N/A       16%         2
f - Mephitic Cloud        Conj/Pois/Air  4%         N/A       38%         3
x - Call Imp              Summ           6%         N/A       17%         2

Your spell library contained the following spells:

 Spells                   Type           Power      Damage    Failure   Level
 Slow                     Hex            12%        N/A       19%         1
 Corpse Rot               Necr/Air       10%        N/A       26%         2
 Poisonous Vapours        Pois/Air       6%         N/A       26%         2
 Call Canine Familiar     Summ           6%         N/A       32%         3
 Conjure Flame            Conj/Fire      5%         6-21      36%         3
 Portal Projectile        Hex/Tloc       10%        N/A       38%         3
 Frozen Ramparts          Ice            6%         1d2       47%         3
 Summon Ice Beast         Ice/Summ       4%         N/A       80%         4
 Leda's Liquefaction      Hex/Erth       1%         N/A       87%         4
 Ice Form                 Ice/Tmut       Unusable   N/A       N/A         4

Inventory:

Hand Weapons
 a - a +0 short sword (weapon)
Missiles
 f - 107 stones (quivered)
 i - 4 poisoned darts
Armour
 b - a +0 robe (worn)
 c - a +0 hat (worn)
 d - a +0 ring mail
 l - a +0 pair of gloves (worn)
Jewellery
 C - a ring of protection from cold
 F - a ring of protection from fire
Scrolls
 e - a scroll of noise {unknown}
 g - a scroll of fear {unknown}
 h - a scroll of enchant armour {unknown}
 j - 3 scrolls of teleportation {unknown}
 k - 2 scrolls of vulnerability {unknown}
 m - a scroll of identify {unknown}

Dungeon Overview and Level Annotations

Branches:
Dungeon (3/15)

Altars:
Ru

Annotations:
D:2 Terence
D:3 2 transporters, Ijyb

.......▒..#
▒.?.......▒..##
▒⚑$..).©..▒©...
▒.!...J...▒..#
▒$).......▒..##.####
▒8......S8▒.g.....o.
▒▒...©ohK▒▒§####.###
.▒▒▒▒▒▒▒▒▒..#
........@..##
##.####.#### #.# #.#
#.# #.# #># #.# #.#
#.# # #.# #.#
##.#.##.####.#
.............#


You could see Ijyb, a hound, an adder, an orc, an endoplasm and a kobold.


Message History

You climb downwards.
There is a stone staircase leading up here.
Found a chain mail.
Found an escape hatch in the floor.
Found a transporter.
Found a trident and a fuming yellow potion.
Found 16 gold pieces and a runed quarterstaff.
Found a sacrificial altar of Ru.
Found a transporter.
The orc shouts!
The kobold shouts!
You hear an angry hiss.
The hound barks!
Found a scroll labelled ZOB MEXKYRHAICK.
An orc wizard comes into view. It is wielding a +0 dagger.
Casting: Magic Dart (safe; 10% risk of failure)
Confirm with . or Enter, or press ? or * to list all spells.
A beastly little devil appears in a puff of flame.
Casting: Call Imp (safe; 17% risk of failure)
Confirm with . or Enter, or press ? or * to list all spells.
A beastly little devil appears in a puff of frigid air.
The orc wizard shouts!
Your crimson imp disappears in a puff of smoke!
Ijyb the Twisted Goblin comes into view.
She is wielding a +0 club and carrying a wand of acid (12).
The orc wizard casts a spell at you. The magic dart hits you.
Ijyb shouts!
The hound pauses to sniff the ground.
Ijyb zaps a wand.
The bolt of acid hits your white imp! The acid corrodes your white imp!
Your white imp dies!
Your white imp disappears in a puff of smoke!
The bolt of acid hits you!!
Ouch! That really hurt!
You die...

Skill      XL: |  1  2 |
---------------+-------+-----
Conjurations   | 1 |  1.4
Fighting       | 1 |  1.2
Summonings     | 1 |  1.1
Translocations | 1 |  1.1
Dodging        | |  1.5
Stealth        | |  1.5
Spellcasting   | |  4.3
Air Magic      | |  0.1

Action                   || total
-------------------------++-------
Melee: Dagger            ||     1
       Short sword       ||    10
Throw: Stone             ||     5
 Cast: Magic Dart        ||    66
       Call Imp          ||     3
Armor: Robe              ||     6
Dodge: Dodged            ||    19

Levels and vault maps discovered:
D:1:      dpeg_arrival_long_road, layout_rooms
D:2:      layout_loops_cross, uniq_terence
D:3:      layout_loops_ring, gammafunk_temple_overflow_arena,
          nicolae_overflow_crystal_walls, basic_ecumenical_altar, uniq_ijyb

Notes
Turn   | Place    | Note
-------+----------+-------------------------------------------
     0 | D:1      | jdsmith2816 the Mummy Hedge Wizard began the quest for the
                  | Orb.
     0 | D:1      | Reached XP level 1. HP: 13/13 MP: 5/5
   192 | D:1      | Reached skill level 1 in Conjurations
   646 | D:1      | Reached XP level 2. HP: 20/20 MP: 4/7
   649 | D:1      | Learned a level 2 spell: Call Imp
   652 | D:1      | Learned a level 2 spell: Blink
  1033 | D:2      | Reached skill level 1 in Fighting
  1128 | D:2      | Reached skill level 1 in Summonings
  1128 | D:2      | Reached skill level 1 in Translocations
  1436 | D:2      | Gained mutation: You are in touch with the powers of death.
                  | [Mummy growth]
  1436 | D:2      | Reached XP level 3. HP: 26/26 MP: 5/8
  1465 | D:2      | Learned a level 3 spell: Mephitic Cloud
  1806 | D:2      | Noticed Terence
  1918 | D:3      | Found a transporter.
  1920 | D:3      | Found a transporter.
  1920 | D:3      | Found a sacrificial altar of Ru.
  1929 | D:3      | Noticed Ijyb
  1933 | D:3      | Killed from afar by Ijyb

Vanquished Creatures
  An adder (D:2)
  3 endoplasms (D:1)
  2 giant cockroaches (D:2)
  3 goblins
  4 hobgoblins
  A quokka (D:2)
  3 ball pythons
  4 kobolds (D:2)
  3 rats
24 creatures vanquished.

Table legend: (Time is in decaauts)
 A = Elapsed time spent in this place.
 B = Non-inter-level travel time spent in this place.
 C = Inter-level travel time spent in this place.
 D = Time resting spent in this place.
 E = Time spent auto-exploring this place.
 F = Levels seen in this place.
 G = Mean time per level.
                   A        B        C        D        E       F      G
               +--------+--------+--------+--------+--------+-----+--------+
         Total |   1934 |   1865 |     69 |    597 |    923 |   3 |  644.7 |
       Dungeon |   1934 |   1865 |     69 |    597 |    923 |   3 |  644.7 |
               +--------+--------+--------+--------+--------+-----+--------+

Top non-repeatable levels by time:
     D:2: 991 daAuts
     D:1: 913 daAuts
     D:3: 29 daAuts

Table legend:
 A = Non-vault XP
 B = Vault XP
 C = Vault XP percentage of total XP
 D = Non-vault monster count
 E = Vault monster count
 F = Vault count percentage of total count
                 A         B        C        D         E       F
            +---------+---------+-------+---------+---------+-------
      Total |      52 |       0 |   0.0 |      24 |       0 |   0.0
            +---------+---------+-------+---------+---------+-------
        D:1 |      12 |       0 |   0.0 |       7 |       0 |   0.0
        D:2 |      40 |       0 |   0.0 |      17 |       0 |   0.0
            +---------+---------+-------+---------+---------+-------
